 Dungeon Crawl Stone Soup version 0.19-a0-1170-g18f0c96 (webtiles) character file.

63 jacquesderrida the Slasher (level 3, -16/30 HPs)
             Began as a Minotaur Warper on Aug 17, 2016.
             Demolished by an ogre
             ... wielding a cursed -2 giant spiked club
              (20 damage)
             ... on level 5 of the Dungeon.
             The game lasted 00:01:56 (835 turns).

jacquesderrida the Slasher (Minotaur Warper)         Turns: 835, Time: 00:01:57

Health: -16/30     AC:  3    Str: 15    XL:     3   Next: 89%
Magic:  4/4        EV: 12    Int: 10    God:
Gold:   43         SH:  0    Dex: 10    Spells: 1 memorised, 3 levels left

rFire  . . .     SeeInvis .     a - +0 falchion
rCold  . . .     Gourm    .     b - +0 leather armour
rNeg   . . .     Faith    .     (no shield)
rPois  .         Spirit   .     (helmet restricted)
rElec  .         Dismiss  .     (no cloak)
rCorr  .         Reflect  .     (no gloves)
MR     .....     Harm     .     (no boots)
Stlth  +.........               (no amulet)
                                (no ring)
                                (no ring)

@: no status effects
A: retaliatory headbutt, horns 2, evolution 1
a: no special abilities


You were on level 5 of the Dungeon.
You were not hungry.

You visited 1 branch of the dungeon, and saw 5 of its levels.

You collected 43 gold pieces.

Inventory:

Hand Weapons
 a - a +0 falchion (weapon)
Missiles
 e - 5 tomahawks of dispersal (quivered)
Armour
 b - a +0 leather armour (worn)
 o - a +0 chain mail
Jewellery
 i - an uncursed amulet of dismissal
Scrolls
 d - a scroll of blinking
 h - 3 scrolls of identify {unknown}
 j - 2 scrolls of noise {unknown}
 k - 2 scrolls of recharging {unknown}
 l - a scroll of amnesia {unknown}
 m - a scroll of teleportation {unknown}
Potions
 p - a potion of agility {unknown}
Books
 c - a book of Spatial Translocations

   Spells                             Type                      Level
   a - Apportation                    Translocation                1
   b - Blink                          Translocation                2
   c - Shroud of Golubria             Charms/Translocation         2
   d - Portal Projectile              Translocation                3
   e - Teleport Other                 Translocation                3
   f - Passage of Golubria            Translocation                4
 g - a book of Annihilations

   Spells                             Type                      Level
   a - Poison Arrow                   Conjuration/Poison           6
   b - Chain Lightning                Conjuration/Air              8
   c - Lehudib's Crystal Spear        Conjuration/Earth            8
   d - Glaciate                       Conjuration/Ice              9
   e - Fire Storm                     Conjuration/Fire             9
Comestibles
 f - 2 bread rations
 n - a slice of pizza
 q - 2 meat rations


   Skills:
 - Level 2.4 Fighting
 + Level 5.1 Long Blades
 - Level 1.0 Throwing
 - Level 1.2 Armour
 - Level 2.1 Dodging
 - Level 1.3 Spellcasting
 - Level 2.1 Translocations


You had 3 spell levels left.
You knew the following spells:

 Your Spells              Type           Power        Failure   Level  Hunger
a - Apportation           Tloc           #.........   17%         1    ##.....


Dungeon Overview and Level Annotations

Branches:
Dungeon (5/15)
 Temple: D:4-7

Altars:


Innate Abilities, Weirdness & Mutations

You reflexively headbutt those who attack you in melee.
You have a pair of horns on your head.
You evolve.


Message History

The ogre is lightly wounded.
The ogre misses you.
You riposte.
You hit the ogre but do no damage.
The ogre is lightly wounded.
Your leather armour prevents you from hitting the ogre.
The ogre is lightly wounded.
The ogre hits you with a giant spiked club!
* * * LOW HITPOINT WARNING * * *
You are too injured to fight recklessly!
You are too injured to fight recklessly!
You are too injured to fight recklessly!
You are too injured to fight recklessly!
You hit the ogre. You headbutt the ogre.
The ogre is heavily wounded.
The ogre barely misses you.
You riposte.
You hit the ogre.
The ogre is heavily wounded.
You hit the ogre.
The ogre is severely wounded.
The ogre hits you with a giant spiked club!!
Ouch! That really hurt!
You die...

##############
.......@.....#
.......O.....#
.............#
#.....##....##
#$.... ....#
...... .....#
....( .....#
.%... .....#


You could see an ogre.

Vanquished Creatures
  3 adders
  An ooze (D:1)
  3 dart slugs
  4 hobgoblins (D:1)
  5 jackals
  2 bats
  A giant newt (D:3)
  3 kobolds (D:1)
  5 rats
27 creatures vanquished.

Notes
Turn   | Place    | Note
-------+----------+-------------------------------------------
     0 | D:1      | jacquesderrida the Minotaur Warper began the quest for the Orb.
     0 | D:1      | Reached XP level 1. HP: 18/18 MP: 1/1
   122 | D:1      | Reached skill level 3 in Long Blades
   166 | D:1      | Reached XP level 2. HP: 15/25 MP: 3/3
   185 | D:1      | Gained mutation: You evolve. [potion of beneficial mutation]
   210 | D:1      | Reached skill level 4 in Long Blades
   289 | D:2      | Reached XP level 3. HP: 20/30 MP: 4/4
   699 | D:3      | Reached skill level 5 in Long Blades
   824 | D:4      | Noticed an ogre
   830 | D:5      | Entered Level 5 of the Dungeon
   835 | D:5      | Demolished by an ogre

Vault maps used:
D:1:      erik_arrival_cave_to_civilisation
D:2:      ecumenical_altar_1, uniq_robin
D:3:      yredelemnul_forgotten_temple_becter, first_bread
D:4:      nicolae_overflow_crystal_walls, lemuel_doored_altar, serial_shops,
          shop, st_stairs_8, minmay_misc_feat_room
D:5:      lemuel_crystal_altar, st_stairs_12, grunt_pakellas_mercury,
          uniq_sigmund

Skill      XL: |  1  2  3 |
---------------+----------+-----
Long Blades    | 3 4 5 |  5.1
Fighting       | |  2.4
Throwing       | |  1.0
Armour         | |  1.2
Dodging        | |  2.1
Spellcasting   | |  1.3
Translocations | |  2.1

Action                   || total
-------------------------++-------
Melee: Falchion          ||    75
       Headbutt          ||     9
  Use: Potion            ||     4
Armor: Leather armour    ||     9
       Skin              ||     8
Dodge: Dodged            ||    40
